AoeStats
← Lic. VELEZ Y VINO

Black Forest

509687758Analyzed
3v3 RM · 6d ago on Sep 27, 2026· 20m 33s· 6 players
Game mode
Random Map
Map size
Normal (6 player)
Population
200
Speed
Normal
Resources
Standard
Victory
Conquest
Starting age
Dark Age
Ending age
Imperial Age
RankedLock teamsTeams togetherTeam positionsShared explorationLock speedFull tech treeHidden civsTurbo modeCheats
Victory
Defeat
🇦🇹 Cumans · Austria
1894
+9
🇩🇪 Celts · Germany
1796
+13
🇺🇸 Dravidians · United States
1715
+17
🇦🇷 Koreans · Argentina
1751
-14
🇦🇷 Lithuanians · Argentina
1732
-13
🇦🇷 Khmer · Argentina
1712
-12
Lic. VELEZ Y VINO
0:54 Loom
13:58 Feudal Age
17:52 Castle Age
17:22 Horse Collar
MUERE CACA
2:19 Loom
9:40 Feudal Age
10:13 Double-Bit Axe
17:37 Castle Age
18:33 Bow Saw
18:18 Horse Collar
Buchi
6:49 Loom
11:17 Feudal Age
14:50 Castle Age
13:47 Fletching
15:36 Bodkin Arrow
Freidle
0:48 Loom
13:49 Feudal Age
18:06 Castle Age
16:47 Double-Bit Axe
16:52 Horse Collar
19:05 Bow Saw
18:51 Town Watch
Oni.FreakinAndy
8:32 Feudal Age
9:20 Double-Bit Axe
10:18 Horse Collar
13:23 Loom
16:24 Wheelbarrow
21:08 Castle Age
19:19 Fletching
leogrampy
5:35 Loom
11:37 Feudal Age
16:00 Castle Age
14:02 Double-Bit Axe
15:09 Horse Collar
Connection lost

Rejoining the realm…

Still unreachable

The connection could not be restored.

Session expired

The server has moved on; the page needs a fresh start.